 Dungeon Crawl Stone Soup version 0.26.0-10-g1f06aea511 (webtiles) character file.

Game seed: 12098850255850246205

681048 Amaterasu the Shatterer (level 27, -9/184 HPs)
             Began as a Gargoyle Fighter on Feb 8, 2021.
             Was an Elder of Nemelex Xobeh.
             Mangled by a Killer Klown
             ... wielding a +12 club of pain
              (28 damage)
             ... on level 5 of the Realm of Zot on Feb 9, 2021.
             The game lasted 02:28:50 (73693 turns).

Amaterasu the Shatterer (Gargoyle Fighter)         Turns: 73693, Time: 02:28:50

Health: -9/184     AC:  0    Str: 29    XL:     27
Magic:  13/37      EV: 29    Int: 13    God:    Nemelex Xobeh [****..]
Gold:   5969       SH:  0    Dex: 18    Spells: 26/26 levels left

rFire    + . .     SeeInvis .   (weapon currently unavailable)
rCold    . . .     Faith    .   (shield currently unavailable)
rNeg     + . .     Spirit   .   (armour currently unavailable)
rPois    ∞         Reflect  .   (helmet currently unavailable)
rElec    .         Harm     .   (cloak currently unavailable)
rCorr    .         Rampage  .   (gloves currently unavailable)
Will     ++...                  (boots currently unavailable)
Stlth    ++........             v - amulet of Isuih {RegenMP rF+ Dex+9}
HPRegen  0.40/turn              (ring currently unavailable)
MPRegen  0.50/turn              (ring currently unavailable)

@: pig-form, no potions, flying, very quick
A: small, negative energy resistance 1, petrification resistance, miasma
immunity, AC +20
}: 4/15 runes: decaying, slimy, silver, gossamer
a: Stop Flying, Renounce Religion, Draw Escape, Draw Destruction, Draw
Summoning, Triple Draw, Deal Four


You were on level 5 of the Realm of Zot.
You worshipped Nemelex Xobeh.
Nemelex Xobeh was greatly pleased with you.
You were a filthy swine.
You visited 11 branches of the dungeon, and saw 57 of its levels.
You visited the Abyss 1 time.
You also visited: Ossuary.

You collected 9246 gold pieces.
You spent 3277 gold pieces at shops.

Inventory:

Hand Weapons
 c - a +9 demon whip of draining
 P - a +9 eveningstar of flaming (melded)
Armour
 r - a +2 pair of boots (melded)
 A - a +1 cloak (melded)
 E - a +1 plate armour of fire resistance (melded)
 S - the +2 hat of the Bear Spirit (melded) {Spirit, +Rage rN+ Will++}
   (You bought it in a shop on level 10 of the Dungeon)

   It protects you from negative energy.
   It affects your willpower, your defense against some magical effects.
   It lets you go berserk.
 T - a cursed +0 tower shield
 V - a +1 pair of gloves of dexterity (melded)
 W - the +3 warlock's mirror (melded) {reflect}
   (You found it on level 15 of the Dungeon)
Jewellery
 g - a ring of resist corrosion (melded)
 m - an uncursed ring of magical power
 p - a +6 ring of strength
 v - the amulet of Isuih (around neck) {RegenMP rF+ Dex+9}
   (You took it off a death knight on level 5 of the Vaults)

   [amulet of magic regeneration]

   It increases your magic regeneration.
   It affects your dexterity (+9).
   It protects you from fire.
 K - the ring of Etoycsuv (melded) {rC+ rN++ AC-4 Int-5 Stlth+}
   (You found it on level 2 of the Depths)

   [ring of protection]

   It affects your AC (-4).
   It affects your intelligence (-5).
   It protects you from cold.
   It greatly protects you from negative energy.
   It makes you more stealthy.
 R - the ring of Xom's Full Attention {Will+ MP+9 SInv Stlth-}
   (You found it on level 3 of the Elven Halls)

   [ring of attention]

   It affects your willpower, your defense against some magical effects.
   It affects your magic capacity (+9).
   It lets you see invisible.
   It makes you less stealthy.
Wands
 u - a wand of iceblast (18)
 w - a wand of random effects (138)
 H - a wand of disintegration (40)
 I - a wand of digging (23)
 J - a wand of enslavement (17)
 L - a wand of paralysis (28)
 N - a wand of acid (5)
 U - a wand of polymorph (29)
Scrolls
 e - 15 scrolls of amnesia
 f - 10 scrolls of fog
 i - 7 scrolls of blinking
 k - a scroll of holy word
 l - 30 scrolls of teleportation
 q - 4 scrolls of fear
 s - 29 scrolls of remove curse
 y - 2 scrolls of summoning
 D - 12 scrolls of enchant armour
 F - 2 scrolls of enchant weapon
 O - 2 scrolls of magic mapping
 Q - 34 scrolls of identify
 X - 2 scrolls of silence
Potions
 d - 8 potions of might
 h - 4 potions of invisibility
 j - 15 potions of lignification
 n - 26 potions of curing
 o - 4 potions of mutation
 t - 5 potions of resistance
 z - 3 potions of cancellation
 B - 6 potions of attraction
 C - 8 potions of haste
 G - 4 potions of magic
 M - 4 potions of ambrosia
 Y - 2 potions of brilliance
 Z - a potion of berserk rage
Miscellaneous
 a - a lightning rod (4/4)
 b - a box of beasts
 x - a condenser vane


   Skills:
 - Level 22.0 Fighting
 * Level 26.9 Maces & Flails
 - Level 16.0 Armour
 - Level 16.0 Dodging
 - Level 16.0 Shields
 - Level 20.0 Invocations
 - Level 16.0 Evocations


You had 26 spell levels left.
You didn't know any spells.
Your spell library contained the following spells:

 Spells                   Type           Power        Failure   Level
 Animate Skeleton         Necr           0%           30%         1
 Apportation              Tloc           0%           30%         1
 Corona                   Hex            0%           30%         1
 Foxfire                  Conj/Fire      0%           30%         1
 Freeze                   Ice            0%           30%         1
 Magic Dart               Conj           0%           30%         1
 Pain                     Necr           0%           30%         1
 Shock                    Conj/Air       0%           30%         1
 Sting                    Tmut/Pois      0%           30%         1
 Summon Small Mammal      Summ           0%           30%         1
 Blink                    Tloc           N/A          43%         2
 Call Imp                 Summ           0%           43%         2
 Ensorcelled Hibernation  Hex/Ice        0%           43%         2
 Poisonous Vapours        Pois/Air       0%           43%         2
 Searing Ray              Conj           0%           43%         2
 Slow                     Hex            0%           43%         2
 Swiftness                Air            0%           43%         2
 Confusing Touch          Hex            0%           67%         3
 Conjure Flame            Conj/Fire      0%           67%         3
 Dazzling Flash           Conj/Hex       0%           67%         3
 Frozen Ramparts          Ice            0%           67%         3
 Ignite Poison            Fire/Tmut/Pois 0%           67%         3
 Inner Flame              Hex/Fire       0%           67%         3
 Lesser Beckoning         Tloc           0%           67%         3
 Mephitic Cloud           Conj/Pois/Air  0%           67%         3
 Ozocubu's Armour         Ice            0%           67%         3
 Spider Form              Tmut/Pois      0%           67%         3
 Static Discharge         Conj/Air       0%           67%         3
 Stone Arrow              Conj/Erth      0%           67%         3
 Tukima's Dance           Hex            0%           67%         3
 Vampiric Draining        Necr           0%           67%         3
 Airstrike                Air            0%           97%         4
 Animate Dead             Necr           0%           97%         4
 Cause Fear               Hex            0%           97%         4
 Fulminant Prism          Conj/Hex       0%           97%         4
 Hailstorm                Conj/Ice       0%           97%         4
 Ice Form                 Ice/Tmut       0%           97%         4
 Iskenderun's Mystic Bla  Conj/Tloc      0%           97%         4
 Olgreb's Toxic Radiance  Pois           0%           97%         4
 Petrify                  Tmut/Erth      0%           97%         4
 Sticky Flame             Conj/Fire      0%           97%         4
 Summon Ice Beast         Ice/Summ       0%           97%         4
 Summon Lightning Spire   Summ/Air       0%           97%         4
 Agony                    Necr           0%           100%        5
 Alistair's Intoxication  Tmut/Pois      0%           100%        5
 Bolt of Magma            Conj/Fire/Erth 0%           100%        5
 Borgnjor's Vile Clutch   Necr/Erth      0%           100%        5
 Fireball                 Conj/Fire      0%           100%        5
 Irradiate                Conj/Tmut      0%           100%        5
 Iskenderun's Battlesphe  Conj           0%           100%        5
 Lightning Bolt           Conj/Air       0%           100%        5
 Metabolic Englaciation   Hex/Ice        0%           100%        5
 Silence                  Hex/Air        0%           100%        5
 Summon Demon             Summ           0%           100%        5
 Summon Forest            Summ/Tloc      0%           100%        5
 Summon Mana Viper        Hex/Summ       0%           100%        5
 Yara's Violent Unravell  Hex/Tmut       0%           100%        5
 Conjure Ball Lightning   Conj/Air       0%           100%        6
 Death Channel            Necr           0%           100%        6
 Eringya's Noxious Bog    Tmut/Pois      0%           100%        6
 Freezing Cloud           Conj/Ice/Air   0%           100%        6
 Hydra Form               Tmut           0%           100%        6
 Invisibility             Hex            0%           100%        6
 Iron Shot                Conj/Erth      0%           100%        6
 Ozocubu's Refrigeration  Ice            0%           100%        6
 Shadow Creatures         Summ           N/A          100%        6
 Simulacrum               Ice/Necr       0%           100%        6
 Dragon Form              Tmut           0%           100%        7
 Haunt                    Necr/Summ      0%           100%        7
 Malign Gateway           Summ/Tloc      0%           100%        7
 Monstrous Menagerie      Summ           0%           100%        7
 Orb of Destruction       Conj           0%           100%        7
 Spellforged Servitor     Conj/Summ      0%           100%        7
 Summon Greater Demon     Summ           0%           100%        7
 Summon Hydra             Summ           0%           100%        7
 Borgnjor's Revivificati  Necr           0%           100%        8
 Discord                  Hex            0%           100%        8
 Ignition                 Fire           0%           100%        8
 Infestation              Necr           0%           100%        8
 Necromutation            Tmut/Necr      0%           100%        8
 Summon Horrible Things   Summ           0%           100%        8
 Death's Door             Necr           0%           100%        9
 Dragon's Call            Summ           0%           100%        9
 Shatter                  Erth           0%           100%        9
 Tornado                  Air            0%           100%        9
 Sublimation of Blood     Necr           Unusable     N/A         2
 Statue Form              Tmut/Erth      Unusable     N/A         6

Dungeon Overview and Level Annotations

Branches:
Dungeon (15/15)            Temple (0/1) D:6            Lair (6/6) D:9
  Swamp (4/4) Lair:4       Spider (4/4) Lair:2        Slime (5/5) Lair:5
    Orc (2/2) D:10            Elf (3/3) Orc:2        Vaults (5/5) D:14
  Crypt (3/3) Vaults:3       Tomb (0/3) Crypt:3      Depths (5/5) D:15
    Zot (5/5) Depths:5    Ossuary (visited)

Altars:
Cheibriados
Fedhas
Gozag
Kikubaaqudgha
Nemelex Xobeh
Okawaru
Sif Muna
Trog
Uskayaw
Xom
The Shining One
Beogh
Jiyva
Lugonu

Shops:
D:10 [   D:11 *   D:12 *   Orc:2 =(*[   Elf:3 !   Vaults:1 }   Vaults:2 *
Vaults:4 ?   Vaults:5 [

Portals:
Hell: Depths:1 Depths:2 Depths:3 Depths:4 Depths:5
Abyss: Spider:4 Depths:1 Depths:2 Depths:4 Depths:5
Pandemonium: Depths:1 Depths:2 Depths:3 Depths:4 Depths:5
Ziggurat: Depths:3

Annotations:
Swamp:2 Roxanne
Elf:2 1 runed translucent door
Crypt:2 1 transporter
Depths:3 8 runed translucent doors


Innate Abilities, Weirdness & Mutations

You are resistant to torment.
((Your stone body is resilient. (AC +20)))
You are immune to poison.
((Your large and strong wings let you fly indefinitely.))
You resist negative energy. (rN+)
((You are resistant to electric shocks. (rElec)))
((You can survive without breathing.))
You are immune to petrification.
You are immune to miasma.
((Your flesh is heat resistant. (rF+)))


Message History

The klown pie hits you!!!
Moon pie!
You turn into a filthy swine.
Your +9 eveningstar of flaming melds into your body.
Your +1 cloak melds into your body.
The +2 hat of the Bear Spirit {Spirit, +Rage rN+ Will++} melds into your body.
Your +1 pair of gloves of dexterity melds into your body.
Your +2 pair of boots melds into your body.
The +3 warlock's mirror {reflect} melds into your body.
Your +1 plate armour of fire resistance melds into your body.
Your ring of resist corrosion melds into your body.
The ring of Etoycsuv {rC+ rN++ AC-4 Int-5 Stlth+} melds into your body.
Your +9 eveningstar of flaming stops flaming.
You feel strangely alone.
You feel clumsy.
You feel less resistant to fire.
* * * LOW HITPOINT WARNING * * *
You bite the Killer Klown!
The Killer Klown is almost dead.
The Killer Klown trip-wires you with a +12 club of pain!!
You die...
Your body disappears without a glow.

^....# **,,,,,,,,,,,^,,**
....## *#....^.........,^**
....# ##...............,,,**
...## #^..........°§...,^,,*
...# #......○.....§...,,,,*
...## #....☼○..p.§§§...,,,,*
....# #....^§..........,,,,*
....## #...§.☼@○p.....^.,,,,*
.....###.....c^ch..^.^..,,,,*
###...###^☼...))..°.....,,,**
##....##..[..N........,,**
###..^^......§.§.....,**
#▓▓▓▓▓▓▓▓▓▓▓##.....**
****,,,^,,,,,....^,**
***,,,,,,,,,,,,,....,,**
**,,,,,,,,,,,,,,,....,,,** **
*,,,,,,,,,,,,,,,,,...,,,,*


You could see 2 Killer Klowns, a friendly naga sharpshooter (summoned), 2
friendly yaktaurs and the friendly Amaterasu's illusion (summoned).

Vanquished Creatures
  Dissolution (Slime:2)
  the Royal Jelly (Slime:5)
  2 orbs of fire (Zot:5)
  4 ancient liches
  2 juggernauts
  Frederick (Depths:3)
  3 Killer Klowns
  Xtahua (Crypt:2)
  Bai Suzhen (Crypt:2)
  4 caustic shrikes
  A curse toe (Zot:5)
  Jory (Depths:4)
  Arachne (Spider:2)
  15 golden dragons
  A bone dragon (Crypt:3)
  3 electric golems
  13 tentacled monstrosities
  3 quicksilver dragons
  4 titans
  5 liches
  8 Orb Guardians (Zot:5)
  4 deep elf blademasters
  Frances (Swamp:2)
  15 acid blobs
  2 death cobs
  3 sphinxes
  7 ancient champions
  8 storm dragons
  7 shadow dragons
  2 draconian monks
  2 revenants (Crypt:2)
  10 vault wardens
  3 iron dragons
  11 fire giants
  9 tengu reavers
  4 azure jellies
  7 ghost moths
  7 deep elf sorcerers
  16 frost giants
  3 draconian knights (Zot:2)
  Aizul (Spider:3)
  An emperor scorpion (Spider:4)
  A juggernaut zombie (Depths:2)
  3 draconian scorchers
  A balrug (Depths:2)
  3 draconian shifters
  2 curse skulls
  A draconian annihilator (Depths:5)
  3 large abominations
  7 deep elf elementalists
  Louise (Spider:2)
  5 spriggan defenders
  10 ghouls
  13 ironheart preservers
  A reaper (Crypt:2)
  6 war gargoyles
  18 stone giants
  3 draconian stormcallers
  23 very ugly things
  5 deep elf demonologists
  10 vampire knights
  2 green draconians
  9 black draconians
  Azrael (D:14)
  4 entropy weavers
  A lorocyproca (Depths:3)
  8 purple draconians
  4 deep elf annihilators
  2 white draconians
  5 bunyips
  9 spark wasps
  5 yellow draconians
  3 eidola
  A merfolk impaler (Depths:4)
  7 red draconians
  11 deep elf death magi
  4 eleionomae
  12 fire dragons
  4 crystal guardians
  Snorg (D:14)
  2 merfolk javelineers (Depths:4)
  17 ettins
  14 yaktaur captains
  8 death oozes (Slime:5)
  3 jiangshi
  13 ice dragons
  21 ogre magi
  10 deep elf high priests (Elf:3)
  18 great orbs of eyes
  17 hydras
  A hydra (shapeshifter) (Depths:4)
  4 shambling mangroves
  31 vault guards
  Fannar (D:12)
  10 rakshasas
  4 spriggan air magi
  3 ghost crabs
  A hell beast (Depths:5)
  4 boulder beetles
  3 catoblepae
  3 death knights
  An anaconda (Slime:5)
  11 centaur warriors
  The ghost of soyboy the Archer, a journeyman SpAM of Dithmenos (D:12)
  A two-headed ogre (shapeshifter) (Depths:1)
  38 two-headed ogres
  33 dancing weapons
  A spectral eleionoma (Swamp:1)
  8 alligators
  8 deep troll earth magi
  5 small abominations
  6 deep troll shamans
  An orc high priest (Orc:2)
  A queen ant (shapeshifter) (Depths:4)
  7 death yaks
  3 spriggan berserkers
  12 tengu warriors
  10 vampire magi
  6 hell knights (Crypt:3)
  2 titan skeletons
  Sonja (Orc:2)
  27 deep elf knights
  Nergalle (Orc:1)
  17 spriggans
  3 sun demons
  4 soul eaters
  2 fire crabs (Spider:4)
  A spectral bunyip (Swamp:1)
  3 goliath frogs
  A storm dragon skeleton (Crypt:2)
  A sea snake (Slime:5)
  23 deep trolls
  31 skeletal warriors
  11 flayed ghosts
  2 shadow wraiths (Crypt:2)
  3 spriggan druids
  An iron troll (Depths:5)
  An unseen horror (D:15)
  18 swamp dragons
  An anaconda zombie (Crypt:3)
  A ghost moth zombie (Crypt:2)
  2 golden dragon zombies
  A spark wasp zombie (Depths:2)
  10 bog bodies
  4 phantasmal warriors
  7 glowing orange brains
  17 deep elf archers
  An infernal demonspawn (Depths:3)
  A lindwurm (shapeshifter) (Elf:3)
  15 necromancers
  2 harpies (shapeshifter)
  12 ironbrand convokers
  2 wizards (Vaults:1)
  17 orb spiders
  15 harpies
  12 orc knights
  2 spectral alligators (Swamp:1)
  2 oklob plants
  A wolf spider zombie (Crypt:2)
  67 deep elf magi
  A stone giant zombie (Crypt:3)
  10 cyclopes
  A sphinx skeleton (Vaults:3)
  An orb spider (shapeshifter) (Vaults:4)
  6 manticores
  33 wolf spiders
  2 shadow dragon skeletons
  7 shining eyes
  2 will-o-the-wisps
  A goliath frog skeleton (Crypt:1)
  3 orc sorcerers
  A stone giant skeleton (Vaults:3)
  6 elephants
  37 ugly things
  An iron dragon skeleton (Crypt:1)
  A guardian serpent (shapeshifter) (Depths:5)
  11 vault sentinels
  2 fire giant skeletons
  9 moths of wrath
  An orange demon (Depths:5)
  A rust devil (Depths:3)
  2 water nymphs
  A frost giant skeleton (Crypt:1)
  A titan simulacrum (Crypt:1)
  A smoke demon (Depths:5)
  A dire elephant zombie (Crypt:1)
  A yaktaur zombie (Vaults:3)
  2 black mambas
  A cane toad (shapeshifter) (Depths:3)
  3 gargoyles
  A storm dragon simulacrum (Crypt:1)
  7 eyes of devastation
  2 spectral spriggans (Swamp:1)
  10 cane toads
  An elf skeleton (Depths:2)
  5 torpor snails
  4 kobold demonologists (D:14)
  4 komodo dragons
  2 komodo dragons (shapeshifter)
  A shock serpent skeleton (Crypt:1)
  A torpor snail (shapeshifter) (Depths:3)
  A pale draconian zombie (Crypt:2)
  A dire elephant skeleton (Crypt:3)
  2 yaktaurs (shapeshifter)
  45 yaktaurs
  A catoblepas zombie (Crypt:1)
  2 yaktaur skeletons
  2 tormentors
  8 demonic crawlers
  15 freezing wraiths
  A green draconian skeleton (Crypt:2)
  3 meliai (D:15)
  4 tengu conjurers
  A queen ant zombie (Crypt:2)
  2 human skeletons
  3 hydra zombies
  3 red devils
  2 trolls (shapeshifter)
  35 jumping spiders
  A merfolk (Slime:5)
  2 harpy zombies (Crypt:1)
  6 tyrant leeches
  A queen bee (Lair:6)
  A polar bear (shapeshifter) (Vaults:2)
  2 polar bears
  6 trolls
  An iron troll skeleton (Crypt:1)
  25 hornets
  A queen bee (shapeshifter) (Elf:1)
  21 blink frogs
  A blink frog (shapeshifter) (Vaults:3)
  A meliai zombie (D:13)
  2 ettin zombies
  A raiju (shapeshifter) (Vaults:4)
  A tengu simulacrum (Depths:2)
  A wind drake (Slime:5)
  2 snapping turtles (Spider:4)
  An ice dragon zombie (Crypt:3)
  8 dream sheep
  A raiju (Elf:1)
  82 slime creatures
  A stone giant simulacrum (Depths:2)
  2 air elementals (Elf:1)
  23 water elementals
  2 hydra skeletons
  A redback (shapeshifter) (Vaults:5)
  A tarantella (shapeshifter) (Depths:1)
  2 ettin skeletons
  A spriggan (shapeshifter) (D:15)
  An ice dragon skeleton (Crypt:3)
  6 fire bats
  39 flying skulls
  36 tarantellas
  2 vampires
  4 wyverns
  7 fire elementals
  6 wraiths
  40 yaks
  2 basilisks
  A yak (shapeshifter) (Depths:3)
  90 redbacks
  2 neqoxecs
  11 golden eyes
  A human (Lair:6)
  A steam dragon (Lair:6)
  A chaos spawn (Depths:5)
  8 vampire mosquitoes
  14 swamp worms
  7 wargs
  A two-headed ogre zombie (Crypt:1)
  A hydra simulacrum (Crypt:1)
  4 acid dragons
  12 water moccasins
  4 floating eyes
  3 hell hounds
  7 swamp drakes
  A faun skeleton (Crypt:1)
  2 hornet zombies
  A meliai simulacrum (D:12)
  34 orc warriors
  5 ice beasts
  5 sky beasts
  3 phantoms
  4 necrophages
  A black bear (shapeshifter) (Depths:1)
  4 black bears
  10 eyes of draining
  3 tengu
  8 boggarts
  15 wolves
  A swamp dragon skeleton (Crypt:1)
  40 ogres
  27 centaurs
  A lemure (D:5)
  2 snapping turtle skeletons
  5 big kobolds
  Blork the orc (D:5)
  A human zombie (Vaults:2)
  6 gnoll sergeants
  26 bullfrogs
  2 earth elementals
  An ogre simulacrum (Vaults:1)
  4 water moccasin zombies (Ossuary)
  2 scorpions
  2 wyvern skeletons
  A ballistomycete (Lair:2)
  20 killer bees
  A howler monkey (Lair:6)
  9 wights
  A crimson imp (Depths:1)
  4 electric eels
  2 quasits
  A centaur zombie (D:7)
  2 bullfrog zombies
  7 hounds
  7 jellies
  16 orc priests
  A bullfrog skeleton (D:11)
  3 centaur skeletons
  23 orc wizards
  3 iguanas
  11 hell rats
  16 worker ants
  A killer bee zombie (D:10)
  A tengu zombie (Crypt:2)
  5 big kobold zombies (Ossuary)
  2 mummies (Ossuary)
  2 worker ant zombies (D:5)
  11 gnolls
  A howler monkey skeleton (D:4)
  12 adders
  A river rat (D:9)
  2 shadow imps
  2 white imps
  2 ufetubi
  An ooze (D:2)
  5 adder zombies (Ossuary)
  An adder skeleton (D:5)
  2 worms
  2 dart slugs (D:1)
  7 leopard geckos
  90 orcs
  5 giant cockroaches
  6 goblins
  9 hobgoblins
  13 jackals
  10 kobolds
  4 quokkas
  2 ball pythons
  A ball python skeleton (Crypt:2)
  7 bats
  A dart slug zombie (Crypt:2)
  3 frilled lizards
  A gnoll zombie (Ossuary)
  4 hobgoblin zombies (Ossuary)
  A jackal skeleton (D:4)
  6 kobold zombies
  A leopard gecko skeleton (D:4)
  An orc skeleton (Crypt:3)
  2 orc zombies (Ossuary)
  A quokka skeleton (D:6)
  6 rats
  A river rat zombie (Crypt:1)
  A ballistomycete spore (Lair:2)
  8 crawling corpses
  A lurking horror (Spider:4)
2514 creatures vanquished.

Vanquished Creatures (collateral kills)
  Mennas (Depths:4)
  An ancient lich (Zot:5)
  A Killer Klown (Zot:5)
  Saint Roka (Orc:2)
  A caustic shrike (Depths:2)
  A tentacled monstrosity (Depths:4)
  2 Orb Guardians (Zot:5)
  The ghost of xzight the Severer, an adept MiBe of Trog (Swamp:1)
  A revenant (Crypt:2)
  A shambling mangrove (Lair:5)
  A hydra (Lair:4)
  A catoblepas (Lair:6)
  2 death yaks (Lair:6)
  A goliath frog (Swamp:3)
  A flayed ghost (D:12)
  A spriggan druid (Swamp:3)
  2 unseen horrors
  Pikel (D:5)
  An orc knight (Orc:2)
  A will-o-the-wisp (Swamp:3)
  A manticore (Lair:6)
  An orc sorcerer (Orc:2)
  A spectral spriggan (Swamp:1)
  A komodo dragon (D:12)
  A shadow (D:12)
  2 wraiths (Lair:6)
  A fire elemental (D:14)
  7 yaks
  A basilisk (Lair:4)
  A swamp worm (Swamp:3)
  A water moccasin (Lair:6)
  2 orc warriors (Orc:2)
  A sky beast (Lair:6)
  3 lemures (D:5)
  2 spriggan simulacra (Swamp:1)
  A crimson imp (Lair:6)
  A quasit (Lair:6)
  4 orc wizards
  2 orc priests (Orc:2)
  An orc (D:5)
58 creatures vanquished.

Vanquished Creatures (others)
  Nikola (Swamp:2)
  A fire giant (Depths:5)
  A deep elf sorcerer (Elf:3)
  A deep elf elementalist (Elf:3)
  A draconian stormcaller (Zot:5)
  A red draconian (Zot:3)
  A purple draconian (Zot:2)
  A deep elf death mage (Crypt:2)
  A deep elf knight (Elf:1)
  A deep elf archer (Elf:1)
  An orc sorcerer (Orc:2)
  4 deep elf magi (Elf:1)
  A bloated husk (Swamp:1)
  A wandering mushroom (Lair:5)
  A hornet (Swamp:2)
  A spriggan (Swamp:2)
  A water elemental (Depths:4)
  A golden eye (Swamp:4)
  2 fire elementals
  A vampire mosquito (Swamp:2)
  An ogre (Vaults:4)
  An orc (Elf:1)
  A bat (Swamp:4)
  A fire vortex (Depths:5)
  24 foxfires
  25 fungi
  57 plants
134 creatures vanquished.

Grand Total: 2706 creatures vanquished

Notes
Turn   | Place    | Note
-------+----------+-------------------------------------------
     0 | D:1      | Amaterasu the Gargoyle Fighter began the quest for the Orb.
     0 | D:1      | Reached XP level 1. HP: 14/14 MP: 1/1
   122 | D:1      | Reached XP level 2. HP: 17/20 MP: 2/2
   907 | D:2      | Reached XP level 3. HP: 24/24 MP: 3/3
   943 | D:2      | Reached skill level 3 in Maces & Flails
  1379 | D:2      | Found a sparkling altar of Nemelex Xobeh.
  1460 | D:2      | Became a worshipper of Nemelex Xobeh the Trickster
  1813 | D:3      | Reached XP level 4. HP: 21/29 MP: 4/4
  2127 | D:3      | Reached skill level 4 in Maces & Flails
  2204 | D:3      | Reached XP level 5. HP: 34/34 MP: 5/5
  2456 | D:3      | Reached skill level 5 in Maces & Flails
  2730 | D:4      | Found a blossoming altar of Fedhas.
  2730 | D:4      | Noticed a centaur
  2746 | D:4      | Reached skill level 5 in Fighting
  2746 | D:4      | Reached XP level 6. HP: 39/40 MP: 6/6
  2751 | D:4      | Reached * piety under Nemelex Xobeh
  2969 | D:4      | Received a gift from Nemelex Xobeh
  3067 | D:4      | Reached skill level 1 in Invocations
  3165 | D:4      | Noticed a phantom
  3216 | D:4      | Killed a phantom
  3436 | D:4      | Noticed a phantom
  3489 | D:4      | Killed a phantom
  3490 | D:4      | Reached XP level 7. HP: 24/44 MP: 8/8
  3632 | D:4      | Found a shimmering blue altar of Sif Muna.
  3852 | D:5      | Entered Level 5 of the Dungeon
  3864 | D:5      | Reached ** piety under Nemelex Xobeh
  3864 | D:5      | Received a gift from Nemelex Xobeh
  3970 | D:5      | Found a shimmering altar of Xom.
  3990 | D:5      | Noticed Pikel
  3991 | D:5      | Reached skill level 5 in Shields
  3998 | D:5      | Killed Pikel
  3999 | D:5      | Reached skill level 5 in Armour
  3999 | D:5      | Reached skill level 5 in Invocations
  3999 | D:5      | Reached XP level 8. HP: 25/49 MP: 8/11
  4243 | D:5      | Noticed Blork the orc
  4272 | D:5      | Killed Blork the orc
  4436 | D:5      | Found a sparkling altar of Nemelex Xobeh.
  4470 | D:5      | Reached skill level 6 in Maces & Flails
  4470 | D:5      | Reached skill level 1 in Dodging
  4973 | D:6      | Found a snail-covered altar of Cheibriados.
  5022 | D:6      | Reached skill level 7 in Maces & Flails
  5051 | D:6      | Found a staircase to the Ecumenical Temple.
  5170 | D:6      | Found a sand-covered staircase.
  5183 | Ossuary  | Entered an ossuary
  5280 | Ossuary  | Reached XP level 9. HP: 47/55 MP: 12/12
  5426 | Ossuary  | Reached skill level 8 in Maces & Flails
  5559 | D:6      | Reached *** piety under Nemelex Xobeh
  5571 | D:6      | Received a gift from Nemelex Xobeh
  6854 | D:8      | Received a gift from Nemelex Xobeh
  7209 | D:8      | Noticed Psyche
  7210 | D:8      | Noticed Psyche
  7210 | D:8      | Psyche changed into Psyche the centaur
  7211 | D:8      | Noticed Psyche
  7211 | D:8      | Psyche the centaur changed into Psyche the swamp drake
  7218 | D:8      | Killed Psyche the swamp drake
  7236 | D:8      | Reached **** piety under Nemelex Xobeh
  7416 | D:8      | Received a gift from Nemelex Xobeh
  7466 | D:8      | Found a bloodstained altar of Trog.
  7469 | D:8      | Found a glowing golden altar of the Shining One.
  7471 | D:8      | Found an iron altar of Okawaru.
  7721 | D:8      | Gained mutation: You occasionally shout uncontrollably at
                  | your foes. [potion of mutation]
  7721 | D:8      | Gained mutation: You are weak. (Str -2) [potion of
                  | mutation]
  7721 | D:8      | Gained mutation: You sometimes yell uncontrollably at your
                  | foes. [potion of mutation]
  7721 | D:8      | Lost mutation: You are weak. (Str -2) [potion of mutation]
  7722 | D:8      | Lost mutation: You sometimes yell uncontrollably at your
                  | foes. [potion of mutation]
  7722 | D:8      | Lost mutation: You occasionally shout uncontrollably at
                  | your foes. [potion of mutation]
  7722 | D:8      | Gained mutation: You have a beak for a mouth. [potion of
                  | mutation]
  7722 | D:8      | Gained mutation: You evolve. [potion of mutation]
  7773 | D:9      | Received a gift from Nemelex Xobeh
  7781 | D:9      | Reached XP level 10. HP: 59/63 MP: 14/14
  7993 | D:9      | Lost mutation: You evolve. [evolution]
  8071 | D:9      | Found a staircase to the Lair.
  8199 | D:9      | Received a gift from Nemelex Xobeh
  8587 | D:10     | Entered Level 10 of the Dungeon
  8607 | D:10     | Found Dapoyth's Antique Armour Boutique.
  8629 | D:10     | Noticed a two-headed ogre
  8659 | D:10     | Killed a two-headed ogre
  8776 | D:10     | Reached ***** piety under Nemelex Xobeh
  9183 | D:10     | Found a staircase to the Orcish Mines.
  9188 | D:10     | Reached skill level 9 in Maces & Flails
  9214 | D:10     | Reached skill level 1 in Evocations
  9214 | D:10     | Reached XP level 11. HP: 35/68 MP: 17/17
  9652 | Lair:1   | Entered Level 1 of the Lair of Beasts
  9868 | Lair:1   | Received a gift from Nemelex Xobeh
  9898 | Lair:1   | Reached skill level 10 in Maces & Flails
  9944 | Lair:1   | Received a gift from Nemelex Xobeh
 10736 | Lair:2   | Reached skill level 11 in Maces & Flails
 11001 | Lair:2   | Received a gift from Nemelex Xobeh
 11161 | Lair:2   | Reached skill level 5 in Evocations
 11265 | Lair:2   | Received a gift from Nemelex Xobeh
 11299 | Lair:2   | Found a hole to the Spider Nest.
 11366 | Lair:2   | Noticed an oklob plant
 11367 | Lair:2   | an oklob plant changed into a ballistomycete
 11368 | Lair:2   | Noticed an oklob plant
 11380 | Lair:2   | Killed an oklob plant
 11639 | Lair:2   | Reached XP level 12. HP: 29/76 MP: 18/18
 12473 | Lair:3   | Received a gift from Nemelex Xobeh
 12497 | Lair:3   | Noticed a death yak
 12510 | Lair:3   | Killed a death yak
 13224 | Lair:3   | Received a gift from Nemelex Xobeh
 13527 | Lair:4   | Received a gift from Nemelex Xobeh
 13527 | Lair:4   | Noticed a five-headed hydra
 13530 | Lair:4   | Killed a five-headed hydra
 13531 | Lair:4   | Reached skill level 10 in Invocations
 13603 | Lair:4   | Noticed a four-headed hydra
 13611 | Lair:4   | Killed a four-headed hydra
 13700 | Lair:4   | Reached ****** piety under Nemelex Xobeh
 13783 | Lair:4   | Found a staircase to the Swamp.
 13786 | Lair:4   | Received a gift from Nemelex Xobeh
 13960 | Lair:4   | Noticed a six-headed hydra
 13968 | Lair:4   | Killed a six-headed hydra
 14608 | Lair:5   | Reached XP level 13. HP: 80/80 MP: 21/21
 14821 | Lair:5   | Received a gift from Nemelex Xobeh
 15222 | Lair:5   | Found a staircase to the Slime Pits.
 15225 | Lair:5   | Noticed a shambling mangrove
 15225 | Lair:5   | an oklob plant changed into a shambling mangrove
 15225 | Lair:5   | Noticed a shambling mangrove
 15225 | Lair:5   | an oklob plant changed into a shambling mangrove
 15226 | Lair:5   | Killed a shambling mangrove
 15233 | Lair:5   | Killed a shambling mangrove
 15525 | Lair:5   | Reached skill level 12 in Maces & Flails
 16186 | Lair:6   | Entered Level 6 of the Lair of Beasts
 16199 | Lair:6   | Noticed Josephine
 16206 | Lair:6   | Noticed Urug
 16210 | Lair:6   | Noticed Josephine
 16210 | Lair:6   | Josephine changed into Josephine the elephant
 16210 | Lair:6   | Noticed an ice dragon
 16210 | Lair:6   | a seven-headed hydra changed into an ice dragon
 16210 | Lair:6   | Noticed Urug
 16210 | Lair:6   | Urug changed into Urug the orb spider
 16213 | Lair:6   | HP: 2/82 [troll (4)]
 16219 | Lair:6   | Reached skill level 10 in Fighting
 16219 | Lair:6   | Killed Josephine the elephant
 16219 | Lair:6   | Killed an ice dragon
 16219 | Lair:6   | Killed Urug the orb spider
 16231 | Lair:6   | Reached skill level 13 in Maces & Flails
 16233 | Lair:6   | Reached skill level 5 in Dodging
 16620 | Lair:6   | Received a gift from Nemelex Xobeh
 16813 | Lair:6   | Gained mutation: Your large and strong wings let you fly
                  | indefinitely. [Gargoyle growth]
 16813 | Lair:6   | Reached XP level 14. HP: 80/88 MP: 22/22
 16820 | Lair:6   | Identified the +3 demon trident of the Thieving Salmon
                  | {elec, *Corrode Int+5 SInv}
 17018 | Lair:6   | Reached skill level 14 in Maces & Flails
 17454 | Lair:6   | Received a gift from Nemelex Xobeh
 17976 | D:11     | You fall into a shaft and drop 3 floors!
 18075 | D:13     | Received a gift from Nemelex Xobeh
 18326 | D:11     | Found Vunilaar's Island Escapes.
 18393 | D:11     | Received a gift from Nemelex Xobeh
 18808 | D:10     | Bought the +2 hat of the Bear Spirit {Spirit, +Rage rN+
                  | Will++} for 1133 gold pieces
 18808 | D:10     | Found the +2 hat of the Bear Spirit {Spirit, +Rage rN+
                  | Will++}
 19009 | D:12     | Found a runed translucent gate.
 19010 | D:12     | Found Jabum's Assorted Antiques.
 19012 | D:12     | Found a runed translucent gate.
 19012 | D:12     | Found a runed translucent gate.
 19012 | D:12     | Found an opulent altar of Gozag.
 19014 | D:12     | Noticed soyboy's ghost (journeyman SpAM)
 19026 | D:12     | Killed soyboy's ghost
 19123 | D:12     | Noticed Fannar
 19146 | D:12     | Killed Fannar
 19333 | D:12     | Reached skill level 10 in Shields
 19419 | D:12     | Noticed Jorgrun
 19435 | D:12     | Noticed Jorgrun
 19435 | D:12     | Jorgrun changed into Jorgrun the catoblepas
 19443 | D:12     | Killed Jorgrun the catoblepas
 20065 | D:12     | Received a gift from Nemelex Xobeh
 20431 | D:13     | Reached skill level 10 in Armour
 20932 | D:14     | Reached XP level 15. HP: 79/94 MP: 19/23
 21023 | D:14     | Received a gift from Nemelex Xobeh
 21118 | D:14     | Noticed Snorg
 21138 | D:14     | Killed Snorg
 21353 | D:14     | Noticed Azrael
 21362 | D:14     | Killed Azrael
 21511 | D:14     | Received a gift from Nemelex Xobeh
 21546 | D:14     | Found a gate to the Vaults.
 22050 | D:15     | Entered Level 15 of the Dungeon
 22279 | D:15     | Received a gift from Nemelex Xobeh
 22533 | D:15     | Paralysed by a floating eye for 3 turns
 22552 | D:15     | Identified the +7 long sword "Casadeonk" {vorpal, rF+
                  | Int+3}
 22613 | D:15     | Found the +3 warlock's mirror {reflect}
 23119 | D:15     | Received a gift from Nemelex Xobeh
 23537 | D:15     | Found a staircase to the Depths.
 23537 | D:15     | Noticed a fire giant
 23559 | D:15     | Killed a fire giant
 24074 | Orc:1    | Entered Level 1 of the Orcish Mines
 24074 | Orc:1    | Noticed Nergalle
 24098 | Orc:1    | Killed Nergalle
 24531 | Orc:2    | Entered Level 2 of the Orcish Mines
 24605 | Orc:2    | Noticed Sonja
 24612 | Orc:2    | Killed Sonja
 24655 | Orc:2    | Received a gift from Nemelex Xobeh
 24785 | Orc:2    | Reached XP level 16. HP: 97/100 MP: 24/26
 24787 | Orc:2    | Found a roughly hewn altar of Beogh.
 24841 | Orc:1    | Paralysed by a chaos spawn for 4 turns
 25504 | Orc:2    | Received a gift from Nemelex Xobeh
 25553 | Orc:2    | Found a roughly hewn altar of Beogh.
 25554 | Orc:2    | Noticed Saint Roka
 25557 | Orc:2    | Identified the -1 trident "Saged" {elec, *Corrode rPois
                  | rN++ Stlth-}
 25563 | Orc:2    | Found Fuqab's General Store.
 25575 | Orc:2    | Killed Saint Roka
 25576 | Orc:2    | Reached skill level 15 in Maces & Flails
 25848 | Orc:2    | Found Weh Wab's Jewellery Emporium.
 26064 | Orc:2    | Found Difar's Antique Weapon Emporium.
 26116 | Orc:2    | Found a staircase to the Elven Halls.
 26261 | Orc:2    | Found Keorinit's Antique Armour Emporium.
 26523 | Swamp:1  | Entered Level 1 of the Swamp
 26524 | Swamp:1  | Found a runed translucent gate.
 26524 | Swamp:1  | Found a runed translucent gate.
 26524 | Swamp:1  | Found a runed translucent gate.
 26524 | Swamp:1  | Noticed xzight's ghost (adept MiBe)
 26872 | Swamp:1  | Killed xzight's ghost
 27122 | Swamp:1  | Identified the cursed +0 scale mail of Marbles {rElec
                  | Stlth+} (You found it on level 1 of the Swamp)
 27222 | Swamp:1  | Gained mutation: Armour fits poorly on your strangely
                  | shaped body. [a shining eye]
 27228 | Swamp:1  | Lost mutation: Armour fits poorly on your strangely shaped
                  | body. [potion of mutation]
 27228 | Swamp:1  | Lost mutation: You have a beak for a mouth. [potion of
                  | mutation]
 27228 | Swamp:1  | Gained mutation: You have large cloven feet. [potion of
                  | mutation]
 27228 | Swamp:1  | Gained mutation: Armour fits poorly on your strangely
                  | shaped body. [potion of mutation]
 27228 | Swamp:1  | Gained mutation: Your flesh is heat resistant. (rF+)
                  | [potion of mutation]
 27228 | Swamp:1  | Gained mutation: You are partially covered in large bone
                  | plates. (SH +4) [potion of mutation]
 27229 | Swamp:1  | Lost mutation: You have large cloven feet. [potion of
                  | mutation]
 27229 | Swamp:1  | Lost mutation: Armour fits poorly on your strangely shaped
                  | body. [potion of mutation]
 27229 | Swamp:1  | Lost mutation: You are partially covered in large bone
                  | plates. (SH +4) [potion of mutation]
 27229 | Swamp:1  | Gained mutation: You are partially covered in large bone
                  | plates. (SH +4) [potion of mutation]
 27229 | Swamp:1  | Gained mutation: You are weak. (Str -2) [potion of
                  | mutation]
 27229 | Swamp:1  | Gained mutation: You are somewhat resistant to further
                  | mutation. [potion of mutation]
 28331 | Swamp:2  | Noticed Nikola
 28366 | Swamp:2  | Noticed Frances
 28370 | Swamp:2  | Killed Nikola
 28396 | Swamp:2  | Killed Frances
 28409 | Swamp:2  | Reached skill level 16 in Maces & Flails
 28787 | Swamp:2  | Received a gift from Nemelex Xobeh
 29005 | Swamp:2  | Received a gift from Nemelex Xobeh
 29286 | Swamp:2  | Identified Roxanne's Reference Book on Clay
 29286 | Swamp:2  | Noticed Roxanne
 29416 | Swamp:3  | Identified the +0 hand axe of Tableuc {elec, Fragile Dex+2
                  | Stlth+}
 29689 | Swamp:3  | Received a gift from Nemelex Xobeh
 29731 | Swamp:3  | Reached XP level 17. HP: 94/109 MP: 23/27
 29871 | Swamp:3  | Found a hide-covered altar of Uskayaw.
 30092 | Swamp:4  | Entered Level 4 of the Swamp
 30450 | Swamp:4  | Received a gift from Nemelex Xobeh
 31155 | Swamp:4  | Reached skill level 17 in Maces & Flails
 31492 | Swamp:4  | Received a gift from Nemelex Xobeh
 31556 | Swamp:4  | Got a decaying rune of Zot
 31874 | Swamp:4  | Identified a scroll of acquirement
 31874 | Swamp:4  | Acquired a +6 demon whip of venom
 32263 | Spider:1 | Entered Level 1 of the Spider Nest
 32554 | Spider:1 | Received a gift from Nemelex Xobeh
 32739 | Spider:1 | Received a gift from Nemelex Xobeh
 33179 | Spider:2 | Noticed Louise
 33231 | Spider:2 | Killed Louise
 33232 | Spider:2 | Reached XP level 18. HP: 107/116 MP: 26/28
 33467 | Spider:2 | Noticed Arachne
 33517 | Spider:2 | Killed Arachne
 33682 | Spider:2 | Received a gift from Nemelex Xobeh
 34260 | Spider:3 | Received a gift from Nemelex Xobeh
 34311 | Spider:3 | Identified the +5 scale mail of Responsibility {*Corrode
                  | Dex+6} (You found it on level 3 of the Spider Nest)
 34903 | Spider:3 | Noticed Aizul
 34924 | Spider:3 | Killed Aizul
 35192 | Spider:4 | Entered Level 4 of the Spider Nest
 35233 | Spider:3 | Reached skill level 15 in Invocations
 35560 | Spider:4 | Received a gift from Nemelex Xobeh
 36184 | Spider:4 | Reached XP level 19. HP: 96/121 MP: 20/31
 36402 | Spider:4 | Got a gossamer rune of Zot
 36812 | Spider:4 | Found a corrupted altar of Lugonu.
 36814 | Spider:4 | Found a one-way gate to the infinite horrors of the Abyss.
 36959 | Spider:4 | Received a gift from Nemelex Xobeh
 37432 | Vaults:1 | Entered Level 1 of the Vaults
 38032 | Vaults:1 | Found Katy's Gadget Emporium.
 38041 | Vaults:1 | Received a gift from Nemelex Xobeh
 38753 | Vaults:2 | Received a gift from Nemelex Xobeh
 39123 | Vaults:2 | Reached skill level 15 in Fighting
 39295 | Vaults:2 | Received a gift from Nemelex Xobeh
 39346 | Vaults:2 | Found Niqais's Assorted Antiques.
 39391 | Vaults:2 | Bought a scroll of acquirement for 1664 gold pieces
 39391 | Vaults:2 | Acquired 316 gold pieces
 39392 | Vaults:2 | Acquired 630 gold pieces
 39979 | Vaults:2 | You are sucked into a shaft and drop 1 floor!
 39979 | Vaults:3 | Received a gift from Nemelex Xobeh
 39979 | Vaults:3 | Noticed Donald
 39981 | Vaults:3 | Noticed Donald
 39981 | Vaults:3 | Donald changed into Donald the seven-headed hydra
 39982 | Vaults:3 | Killed Donald the seven-headed hydra
 40499 | Vaults:3 | Found a staircase to the Crypt.
 40515 | Vaults:3 | Reached skill level 18 in Maces & Flails
 40545 | Vaults:3 | Reached XP level 20. HP: 118/130 MP: 32/32
 40846 | Vaults:3 | Received a gift from Nemelex Xobeh
 41464 | Vaults:3 | Received a gift from Nemelex Xobeh
 41806 | Vaults:3 | Reached skill level 10 in Evocations
 42593 | Vaults:4 | Found Faoneph's Magic Scroll Shop.
 43107 | Vaults:4 | Received a gift from Nemelex Xobeh
 43304 | Vaults:4 | Reached skill level 19 in Maces & Flails
 43607 | Vaults:4 | Reached XP level 21. HP: 129/139 MP: 31/33
 44588 | Elf:1    | Entered Level 1 of the Elven Halls
 44737 | Elf:1    | Received a gift from Nemelex Xobeh
 44993 | Elf:1    | Reached skill level 20 in Maces & Flails
 45362 | Elf:1    | Found a runed translucent gate.
 45362 | Elf:1    | Found a runed translucent gate.
 45362 | Elf:1    | Found a runed translucent gate.
 45362 | Elf:1    | Found a runed translucent gate.
 45362 | Elf:1    | Found a runed translucent gate.
 45363 | Elf:1    | Found a runed translucent gate.
 45521 | Elf:1    | Cast into level 3 of the Abyss (+1 dire flail of
                  | distortion)
 45521 | Abyss:3  | Found a corrupted altar of Lugonu.
 45526 | Abyss:4  | Received a gift from Nemelex Xobeh
 45578 | Abyss:4  | Lost mutation: You are partially covered in large bone
                  | plates. (SH +4) [a neqoxec]
 45599 | Abyss:4  | Reached skill level 10 in Dodging
 45611 | Elf:1    | Escaped the Abyss
 46013 | Elf:1    | Received a gift from Nemelex Xobeh
 46188 | Elf:1    | Found the +8 storm bow {elec, penet}
 46453 | Elf:2    | Received a gift from Nemelex Xobeh
 47561 | Elf:2    | Identified the Grimoire of Conjuration
 47687 | Elf:2    | Found a runed translucent door.
 47716 | Elf:2    | Found a runed translucent door.
 47788 | Elf:2    | Reached XP level 22. HP: 143/145 MP: 34/34
 48283 | Elf:2    | Received a gift from Nemelex Xobeh
 48571 | Orc:2    | Bought a condenser vane for 480 gold pieces
 48676 | Elf:3    | Entered Level 3 of the Elven Halls
 48958 | Elf:3    | Received a gift from Nemelex Xobeh
 49002 | Elf:3    | Found Mumioqau's Distillery.
 49093 | Elf:3    | Received a gift from Nemelex Xobeh
 49917 | Elf:3    | Identified the cursed +0 leather armour of Ru's Generosity
                  | {*Slow rPois Dex+3}
 50464 | Elf:3    | Identified the ring of Xom's Full Attention {Will+ MP+9
                  | SInv Stlth-} (You found it on level 3 of the Elven Halls)
 50473 | Elf:3    | Identified Juqaowic's Volume of Freezing Air
 50584 | Elf:3    | Received a gift from Nemelex Xobeh
 50970 | Depths:1 | Entered Level 1 of the Depths
 51460 | Depths:1 | Received a gift from Nemelex Xobeh
 51464 | Depths:1 | Found a one-way gate leading to the halls of Pandemonium.
 51545 | Depths:1 | Reached XP level 23. HP: 124/153 MP: 35/35
 52109 | Depths:1 | Reached skill level 15 in Shields
 52160 | Depths:1 | Found a gateway to Hell.
 53002 | Depths:2 | Reached skill level 15 in Armour
 53500 | Depths:2 | Received a gift from Nemelex Xobeh
 53584 | Depths:2 | Noticed a caustic shrike
 53585 | Depths:2 | Identified the +1 long sword of Arbitration {antimagic,
                  | +Fly rF+}
 53597 | Depths:2 | Killed a caustic shrike
 53683 | Depths:2 | Identified the Almanac of Cold and Changing
 54025 | Depths:2 | Identified the cursed ring of Etoycsuv {rC+ rN++ AC-4 Int-5
                  | Stlth+} (You found it on level 2 of the Depths)
 54032 | Depths:2 | Identified the +6 chain mail of the Dwarven Hall {Will+
                  | Int+4} (You found it on level 2 of the Depths)
 54191 | Depths:3 | Found a gateway to a ziggurat.
 54329 | Depths:3 | Received a gift from Nemelex Xobeh
 54646 | Depths:3 | Found a large runed translucent door.
 54650 | Depths:3 | Found a large runed translucent door.
 54785 | Depths:3 | Found a large runed translucent door.
 54786 | Depths:3 | Found a large runed translucent door.
 54787 | Depths:3 | Found a large runed translucent door.
 54948 | Depths:3 | Noticed a golden dragon
 54952 | Depths:3 | Noticed Frederick
 54963 | Depths:3 | Killed Frederick
 54968 | Depths:3 | Killed a golden dragon
 55083 | Depths:3 | Found a large runed translucent door.
 55166 | Depths:3 | Reached XP level 24. HP: 153/163 MP: 35/35
 55491 | Depths:3 | Received a gift from Nemelex Xobeh
 55535 | Depths:3 | Found a large runed translucent door.
 55539 | Depths:3 | Found a large runed translucent door.
 56986 | Depths:4 | Paralysed by a floating eye for 2 turns
 57041 | Depths:4 | Noticed a caustic shrike
 57041 | Depths:4 | a shadow dragon changed into a caustic shrike
 57066 | Depths:4 | Killed a caustic shrike
 57115 | Depths:4 | Reached skill level 21 in Maces & Flails
 57424 | Depths:4 | Received a gift from Nemelex Xobeh
 57524 | Depths:4 | Noticed Mennas
 57544 | Depths:4 | Killed Mennas
 57598 | Depths:4 | Noticed Jory
 57609 | Depths:4 | Killed Jory
 57640 | Depths:4 | Noticed a juggernaut
 57661 | Depths:4 | Killed a juggernaut
 58346 | Depths:5 | Entered Level 5 of the Depths
 58346 | Depths:5 | Received a gift from Nemelex Xobeh
 58356 | Depths:5 | Noticed a juggernaut
 58370 | Depths:5 | Killed a juggernaut
 58371 | Depths:5 | Reached XP level 25. HP: 97/168 MP: 28/35
 58876 | Depths:5 | Reached skill level 22 in Maces & Flails
 59406 | Depths:5 | Received a gift from Nemelex Xobeh
 60268 | Depths:5 | Found a gate to the Realm of Zot.
 60868 | Vaults:5 | Entered Level 5 of the Vaults
 60896 | Vaults:5 | Reached skill level 23 in Maces & Flails
 60938 | Vaults:5 | Reached XP level 26. HP: 78/174 MP: 23/36
 61859 | Vaults:5 | Noticed an ancient lich
 61862 | Vaults:5 | Killed an ancient lich
 61933 | Vaults:5 | Found Yledaeh's Distillery.
 62099 | Vaults:5 | Identified the ring of New Discoveries {Fire rPois Slay+4
                  | Stlth+}
 62113 | Vaults:5 | Identified the amulet of Isuih {RegenMP rF+ Dex+9}
 62146 | Vaults:5 | Identified the ring "Roecsaf" {MP+9 Dex+6} (You found it on
                  | level 5 of the Vaults)
 62152 | Vaults:5 | Got a silver rune of Zot
 62383 | Vaults:5 | Received a gift from Nemelex Xobeh
 62549 | Vaults:5 | Identified the ring "Itzut" {*Slow rC++ Str+6 Dex+8 Slay-6}
 62576 | Vaults:5 | Found Toqenauv's Antique Armour Shoppe.
 62879 | Vaults:5 | Received a gift from Nemelex Xobeh
 63125 | Crypt:1  | Entered Level 1 of the Crypt
 63386 | Crypt:1  | Received a gift from Nemelex Xobeh
 64489 | Crypt:1  | Received a gift from Nemelex Xobeh
 64728 | Crypt:2  | Noticed Bai Suzhen
 64747 | Crypt:2  | Killed Bai Suzhen
 64799 | Crypt:2  | Reached XP level 27. HP: 99/179 MP: 24/36
 65323 | Crypt:2  | Received a gift from Nemelex Xobeh
 65349 | Crypt:2  | Reached skill level 15 in Dodging
 65447 | Crypt:2  | Found a transporter.
 65449 | Crypt:2  | Found a transporter.
 65486 | Crypt:2  | Noticed an ancient lich
 65488 | Crypt:2  | Found a transporter.
 65489 | Crypt:2  | Found a transporter.
 65501 | Crypt:2  | Found a transporter.
 65588 | Crypt:2  | Reached skill level 15 in Evocations
 65618 | Crypt:2  | Noticed Xtahua
 65631 | Crypt:2  | Killed Xtahua
 65844 | Crypt:2  | Killed an ancient lich
 65904 | Crypt:2  | Got a crude cloak
 65910 | Crypt:2  | Identified the +2 cloak "Qant" {-Tele Will+++ Int+2 SInv}
                  | (You found it on level 2 of the Crypt)
 66123 | Crypt:3  | Entered Level 3 of the Crypt
 66743 | Crypt:3  | Received a gift from Nemelex Xobeh
 67122 | Crypt:3  | Found an ancient bone altar of Kikubaaqudgha.
 67122 | Crypt:3  | Noticed an ancient lich
 67132 | Crypt:3  | Killed an ancient lich
 67167 | Crypt:3  | Found a staircase to the Tomb.
 67175 | Crypt:3  | Identified the ring "Uketz" {Int+5 SInv} (You found it on
                  | level 3 of the Crypt)
 68183 | Slime:1  | Entered Level 1 of the Pits of Slime
 68352 | Slime:2  | Noticed Dissolution
 68359 | Slime:2  | Killed Dissolution
 68641 | Slime:2  | HP: 9/182 [acid (5)]
 68644 | Slime:2  | HP: 3/182 [acid (2)]
 69197 | Slime:4  | Paralysed by a floating eye for 3 turns
 69208 | Slime:5  | Entered Level 5 of the Pits of Slime
 69261 | Slime:5  | Paralysed by a floating eye for 3 turns
 69615 | Slime:5  | Reached skill level 24 in Maces & Flails
 69708 | Slime:5  | Noticed the Royal Jelly
 69711 | Slime:5  | Found a viscous altar of Jiyva.
 69728 | Slime:5  | Killed the Royal Jelly
 69821 | Slime:5  | Identified the Collected Works on Icy Summoning
 69834 | Slime:5  | Received a gift from Nemelex Xobeh
 69846 | Slime:5  | Identified the cursed ring of Virtue {Str-4 Dex+2} (You
                  | found it on level 5 of the Pits of Slime)
 69848 | Slime:5  | Got a slimy rune of Zot
 70814 | Slime:2  | Gained mutation: You expend magic power (3 MP) to
                  | strengthen your wands. [a shining eye]
 70825 | Slime:2  | Lost mutation: You are weak. (Str -2) [potion of mutation]
 70825 | Slime:2  | Lost mutation: You expend magic power (3 MP) to strengthen
                  | your wands. [potion of mutation]
 70825 | Slime:2  | Lost mutation: You are somewhat resistant to further
                  | mutation. [potion of mutation]
 70825 | Slime:2  | Gained mutation: You do not regenerate when monsters are
                  | visible. [potion of mutation]
 70825 | Slime:2  | Gained mutation: You possess an exceptional clarity of
                  | mind. [potion of mutation]
 70825 | Slime:2  | Gained mutation: You have large cloven feet. [potion of
                  | mutation]
 70826 | Slime:2  | Lost mutation: You possess an exceptional clarity of mind.
                  | [potion of mutation]
 70826 | Slime:2  | Lost mutation: You do not regenerate when monsters are
                  | visible. [potion of mutation]
 70826 | Slime:2  | Gained mutation: You possess an exceptional clarity of
                  | mind. [potion of mutation]
 70826 | Slime:2  | Lost mutation: You have large cloven feet. [potion of
                  | mutation]
 70826 | Slime:2  | Gained mutation: Your muscles are strong. (Str +2) [potion
                  | of mutation]
 71307 | Zot:1    | Entered Level 1 of the Realm of Zot
 71943 | Zot:2    | Reached skill level 25 in Maces & Flails
 72361 | Zot:4    | Received a gift from Nemelex Xobeh
 72368 | Zot:5    | Entered Level 5 of the Realm of Zot
 73419 | Zot:5    | Reached skill level 26 in Maces & Flails
 73644 | Zot:5    | Noticed an ancient lich
 73645 | Zot:5    | Noticed an orb of fire
 73650 | Zot:5    | Noticed an ancient lich
 73652 | Zot:5    | Noticed an orb of fire
 73669 | Zot:5    | Killed an ancient lich
 73671 | Zot:5    | Lost mutation: You possess an exceptional clarity of mind.
                  | [an orb of fire]
 73678 | Zot:5    | Killed an orb of fire
 73679 | Zot:5    | Lost mutation: Your muscles are strong. (Str +2) [an orb of
                  | fire]
 73681 | Zot:5    | Killed an orb of fire
 73686 | Zot:5    | Killed an ancient lich
 73693 | Zot:5    | Mangled by a Killer Klown

Illustrated notes

Levels and vault maps discovered:
D:1:      mainiacjoe_arrival_reflecting_pool, layout_basic
D:2:      layout_loops_corners, nemelex_xobeh_ov_fountains_minmay,
          dk_noncrumbling_2
D:3:      layout_basic
D:4:      layout_basic, lemuel_coloured_pillars_altar,
          fedhas_bush_and_centaur_altar
D:5:      layout_basic, xom_butterflies, st_stairs_12, lemuel_tele_altar,
          uniq_pikel, uniq_blork_the_orc
D:6:      cheibrodos_iron_armory, layout_cave_pools, kennysheep_mini,
          minmay_temple_entry_statues_pillars, chequers_ossuary_entry_cave
D:7:      layout_rooms, minmay_misc_feat_rugged, kennysheep_generic_room_13
D:8:      layout_cave_pods, grunt_temple_overflow_open, uniq_psyche
D:9:      layout_roguey, dpeg_oklobed_lair
D:10:     layout_roguey, kennysheep_orc_monster_closet_entryway, serial_shops,
          nicolae_shop_crystal
D:11:     layout_loops_ring, nicolae_island_escapes
D:12:     layout_roguey, ebering_ghost_gozag, uniq_fannar, uniq_jorgrun
D:13:     layout_basic, lightli_corner_chamber
D:14:     layout_basic, lightli_vaults_fourway_checkpoint,
          corexii_leaking_fountain, uniq_azrael, uniq_snorg
D:15:     grunt_enter_depths_giant_problem, layout_gridville,
          roderic_roman_lattice, minmay_the_grid_square_5x5_3x3_mashed
          [minmay_the_grid_square_5x5_sharp_hourglass,
          minmay_the_grid_square_5x5_three_small,
          minmay_the_grid_square_5x5_dogpile, minmay_the_grid_square_5x5_bite,
          minmay_the_grid_square_5x5_megaprize_open,
          minmay_the_grid_square_5x5_c, minmay_the_grid_square_5x5_broken_cross,
          minmay_the_grid_square_5x5_shrine1, minmay_the_grid_square_5x5_two]
Lair:1:   layout_misc_corridors
Lair:2:   layout_regular_city, spider_nest_entry_webs, minmay_lair_oklob_chamber
Lair:3:   layout_loops_ring, grunt_forest_large_clearing_hut
Lair:4:   layout_cave_pods, swamp_mist, serial_bayou_pond_c, lemuel_fruit_tree
Lair:5:   layout_cave_pods, minmay_slime_entry_oklob_enclosed,
          chequers_serial_rivers_small_3
Lair:6:   evilmike_catoblepas_cave, layout_regular_city, gauntlet_entry_generic,
          uniq_urug, uniq_josephine
Swamp:1:  layout_basic_swamp, gammafunk_ghost_necromancy,
          nicolae_swamp_round_clearing, swamp_pool1
Swamp:2:  layout_falls_marsh, evilmike_swamp_ruin_house_2, swamp_pool3,
          uniq_frances, uniq_roxanne, uniq_nikola
Swamp:3:  layout_basic_swamp, basic_altar, nzn_swamp_stair_ambush
Swamp:4:  swamp_basic_johnstein, layout_basic_swamp, swamp_pool1
Spider:1: layout_spider_delve
Spider:2: layout_spider_delve, nicolae_spider_cling_ruins, uniq_arachne,
          uniq_louise
Spider:3: layout_spider_delve, drop_trap, nicolae_spider_circle_web, uniq_aizul
Spider:4: grunt_spider_rune_parallel, amcnicky_altar_lugonu_corruption
Slime:1:  layout_caves
Slime:2:  layout_caves, dissolution_awaits
Slime:3:  layout_caves
Slime:4:  layout_caves
Slime:5:  uniq_dissolution
Orc:1:    layout_caves, sword_in_stone, uniq_nergalle
Orc:2:    grunt_orc_cross, layout_caves, basic_altar, nicolae_orc_bridge_out,
          minmay_orc_keep, uniq_sonja
Elf:1:    elf_arrival_002, layout_onion_city, orc_legates
Elf:2:    layout_loops_corners, nicolae_elf_big_sculpture_1, drop_trap,
          minmay_elf_annihilation
Elf:3:    minmay_elf_hall_hex, layout_onion_city, serial_shops, shop
Vaults:1: vaults_room_grunt_arrival_ludios, hangedman_vaults_capsules,
          nicolae_vaults_little_squares_2, ontoclasm_vaults_bender,
          nicolae_vaults_specimen_jars, vaults_room_stairs_pillars,
          hangedman_vaults_impose, nicolae_vaults_diagonal_hallway_7,
          vaults_room_hallway, layout_vaults_omnigrid, serial_shops, shop
Vaults:2: v_misc_23, nicolae_vaults_inception_statues,
          nicolae_vaults_network_periphery, v_pattern_4,
          dpeg_vaults_monster_box, ontoclasm_vaults_loading_screen, v_misc_14,
          st_lines, ontoclasm_vaults_ring_square, layout_vaults_big_room,
          serial_shops, shop
Vaults:3: hangedman_vaults_stream, v_misc_12, nicolae_vaults_network_s,
          vaults_room_pools, v_misc_11, vaults_mumra_hex, vaults_room_octagon,
          minmay_crypt_entry_simple_walls, vaults_room_fours,
          nicolae_vaults_c_with_doors, vaults_room_fancy_cross,
          vaults_dpeg_encased_lava, grunt_vaults_hallway_long,
          layout_vaults_omnicross, uniq_donald
Vaults:4: kb_rosetta, vaults_room_pools, nicolae_vaults_big_ls,
          vaults_mumra_lcd, hangedman_vaults_nails, v_rooms_2,
          hangedman_vaults_hat, v_alt_pattern_4, ontoclasm_vaults_twist,
          v_alt_pattern_6, layout_vaults_omnibox, serial_shops, shop
Vaults:5
Crypt:1:  layout_chaotic_city, grunt_megastairs_5
Crypt:2:  gammafunk_the_bubble [the_bubble_gammafunk_roulette], layout_gridlike,
          small_chamber_with_monster, uniq_bai_suzhen, uniq_xtahua
Crypt:3:  cryptofortress_bobbens
Depths:1: layout_basic, nicolae_abyss_entry_one_way_or_another,
          rand_demon_pan_entry_7, hangedman_decor_points, hellmouth_1,
          grunt_decor_arrowhead, onia_ninara_cookie
Depths:2: kennysheep_oblong_rooms, layout_cave_pools, lightli_too_deep,
          abyss_entry, pan_entry, serial_column_ruins,
          column_ruins_circle_medium, column_ruins_hut_pillars,
          column_ruins_grid_4, column_ruins_columns_straight,
          column_ruins_columns_plus, column_ruins_open_small_water,
          column_ruins_open_tiny, column_ruins_grid_3, column_ruins_columns_T
Depths:3: minmay_five_octagons, layout_twisted_cross, enter_ziggurat_a,
          rand_demon_pan_entry_4, minmay_misc_feat_x, pf_hell_entry_great_geh,
          st_stairs_14, minmay_misc_feat_nine_boxes, uniq_frederick
Depths:4: minmay_central_circle, layout_basic, abyss_entry,
          pf_hell_entry_tar_spiral, pan_entry, infiniplex_staircase_door_maze,
          uniq_jory, uniq_mennas
Depths:5: grunt_zot_entry_hairpin, layout_cave_pools, rand_demon_pan_entry_1,
          hangedman_decor_push, abyss_entry, hell_entry,
          amcnicky_mini_corridor_feature
Zot:1:    layout_gridlike, grunt_megastairs_1
Zot:2:    layout_concentric_octagons, grunt_ministairs_5
Zot:3:    layout_misc_corridors
Zot:4:    layout_basic
Zot:5:    layout_onion, lemuel_golem_globe

Skill      XL: |  1  2  3  4  5  6  7  8  9 10 11 12 13 14 15 16 17 18 19 20 21 22 23 24 25 26 27 |
---------------+----------------------------------------------------------------------------------+-----
Fighting       | 4 5 7 8 9 10 11 13 14 15 17 18 20 22 | 22.0
Maces & Flails | 3 4 5 7 8 9 11 13 14 16 17 18 19 20 21 23 26 | 26.9
Invocations    | 2 5 6 8 11 14 16 17 18 19 20 | 20.0
Shields        | 4 5 7 9 11 12 13 14 16 | 16.0
Armour         | 4 5 6 7 9 10 11 13 14 16 | 16.0
Dodging        | 2 3 4 5 6 7 8 9 10 11 12 13 14 16 | 16.0
Evocations     | 1 5 6 7 8 9 10 12 13 14 16 | 16.0

Action                   |  1- 3 |  4- 6 |  7- 9 | 10-12 | 13-15 | 16-18 | 19-21 | 22-24 | 25-27 || total
-------------------------+-------+-------+-------+-------+-------+-------+-------+-------+-------++-------
Melee: Flail             |    95 |   226 |    47 |       |       |       |       |       |       ||   368
       Whip              |       |       |   501 |   517 |       |       |       |       |       ||  1018
       Peck              |       |       |     1 |   133 |   253 |    56 |       |       |       ||   443
       Morningstar       |       |       |       |   216 |  1014 |   907 |       |       |       ||  2137
       Demon whip        |       |       |       |       |       |   826 |  1847 |  1676 |       ||  4349
       Eveningstar       |       |       |       |       |       |       |       |    79 |  2407 ||  2486
       Unarmed           |       |       |       |       |       |       |       |       |     1 ||     1
Invok: Draw Destruction  |       |       |     6 |    25 |    31 |    22 |    10 |    16 |     5 ||   115
       Draw Summoning    |       |       |     1 |     2 |     8 |     1 |       |     2 |       ||    14
       Draw Escape       |       |       |       |     2 |     2 |       |       |       |     6 ||    10
       Deal Four         |       |       |       |     1 |     6 |     8 |     5 |     6 |    13 ||    39
 Abil: Fly               |       |       |       |       |     1 |       |     1 |     1 |       ||     3
       Stop Flying       |       |       |       |       |       |       |     1 |     1 |       ||     2
Evoke: Wand              |       |       |     2 |     1 |    12 |    21 |     9 |    45 |    18 ||   108
       Condenser vane    |       |       |       |       |       |       |       |     5 |     9 ||    14
       Lightning rod     |       |       |       |       |       |       |       |     4 |     4 ||     8
       Box of beasts     |       |       |       |       |       |       |       |     1 |       ||     1
  Use: Scroll            |     8 |     2 |     8 |    10 |     3 |    15 |     8 |    11 |    11 ||    76
       Potion            |       |       |     2 |     3 |     4 |     4 |       |     6 |    11 ||    30
 Stab: Distracted        |       |       |     1 |       |     1 |       |       |     2 |     2 ||     6
       Confused          |       |       |       |     1 |       |       |       |       |       ||     1
Armor: Scale mail        |    45 |    95 |       |       |       |       |       |       |       ||   140
       Chain mail        |       |    21 |   234 |       |       |       |       |       |       ||   255
       Plate armour      |       |       |    16 |   404 |   665 |  1165 |   632 |   731 |  1593 ||  5206
       Skin              |       |       |       |    17 |       |       |       |       |       ||    17
Dodge: Dodged            |    29 |    61 |   106 |   167 |   381 |   643 |   493 |   496 |  1383 ||  3759
Block: Kite shield       |    52 |   112 |   215 |   387 |   586 |       |       |       |       ||  1352
       Buckler           |       |       |       |       |    98 |  1166 |   802 |   592 |  1309 ||  3967
       Reflection        |       |       |       |       |     4 |    48 |    86 |    74 |    75 ||   287
